AoeStats
← Grubby

Migration

510198056Analyzed
1v1 RM · 1d ago on Sep 29, 2026· 25m 44s· 2 players
Game mode
Random Map
Map size
132×132
Population
200
Speed
Normal
Resources
Standard
Victory
Conquest
Starting age
Dark Age
Ending age
Imperial Age
RankedLock teamsTeams togetherTeam positionsShared explorationLock speedFull tech treeHidden civsTurbo modeCheats
Victory
Defeat
🇳🇱 Khmer · Netherlands
355
+13
🇲🇽 Portuguese · Mexico
299
-13
BoxiestTuna9148
1:03 Loom
16:13 Feudal Age
22:36 Fishing Lines
22:51 Double-Bit Axe
Grubby
7:35 Loom
11:27 Feudal Age
16:50 Castle Age
23:06 Town Watch
23:12 Double-Bit Axe
23:14 Horse Collar
24:10 Bloodlines
Connection lost

Rejoining the realm…

Still unreachable

The connection could not be restored.

Session expired

The server has moved on; the page needs a fresh start.